 Dungeon Crawl Stone Soup version 0.22.1-1-ga44c0e5 (webtiles) character file.

794 brandon the Cleaver (level 7, 0/64 HPs)
             Began as a Minotaur Berserker on Sept 30, 2018.
             Was a Priest of Trog.
             Slain by a wight
             ... wielding a +1 mace of freezing
              (1 damage)
             ... on level 6 of the Dungeon.
             The game lasted 00:33:04 (2777 turns).

brandon the Cleaver (Minotaur Berserker)            Turns: 2777, Time: 00:33:05

Health: 0/64       AC:  7    Str: 22    XL:     7   Next: 58%
Magic:  6/6        EV: 12    Int:  4    God:    Trog [***...]
Gold:   223        SH:  0    Dex: 11    Spells: 6/6 levels left

rFire    . . .     SeeInvis .   j - +0 battleaxe
rCold    + . .     Gourm    .   (shield currently unavailable)
rNeg     . . .     Faith    .   W - +3 leather armour
rPois    .         Spirit   .   (helmet restricted)
rElec    .         Reflect  .   (no cloak)
rCorr    .         Harm     .   (no gloves)
MR       ++...                  t - +0 pair of boots
Stlth    +.........             (no amulet)
HPRegen  1.20/turn              F - ring of protection from cold
MPRegen  0.10/turn              z - ring of flight

@: lethally poisoned (0 -> 0), berserk cooldown, regenerating, slowed, drained,
very slow
A: retaliatory headbutt, horns 2
a: Berserk, Trog's Hand, Renounce Religion, Evoke Flight


You were on level 6 of the Dungeon.
You worshipped Trog.
Trog was most pleased with you.
You were not hungry.

You visited 1 branch of the dungeon, and saw 6 of its levels.

You collected 223 gold pieces.

Inventory:

Hand Weapons
 a - a +0 hand axe
 b - a +0 halberd
 j - a +0 battleaxe (weapon)
 n - a +0 hunting sling
 u - a +0 falchion
 v - a +2 dagger of speed
 I - a +0 shortbow
 P - a +0 trident
 S - a +0 hunting sling
 T - a +0 hunting sling
Missiles
 e - 148 stones (quivered)
 k - 32 sling bullets
 p - 5 large rocks
 y - 21 bolts
 K - 20 arrows
 Y - 13 poisoned needles
Armour
 g - a +0 chain mail
 h - a cursed +0 shield
 t - a +0 pair of boots (worn)
 W - a +3 leather armour (worn)
 Z - a +0 leather armour
Jewellery
 m - an uncursed ring of protection from cold
 z - a ring of flight (right hand)
 F - a ring of protection from cold (left hand)
Wands
 x - a wand of polymorph (14)
 V - a wand of paralysis (10)
Scrolls
 f - 2 scrolls of enchant armour {unknown}
 o - 2 scrolls of remove curse {unknown}
 q - a scroll of enchant weapon {unknown}
 s - a scroll of fog {unknown}
 w - a scroll of blinking {unknown}
 C - 2 scrolls of magic mapping {unknown}
 G - a scroll of fear {unknown}
 H - 3 scrolls of identify {unknown}
 L - 2 scrolls of teleportation {unknown}
 X - a scroll of noise {unknown}
Potions
 d - a potion of invisibility {unknown}
 i - 2 potions of flight {unknown}
 l - 3 potions of mutation {unknown}
 r - a potion of agility {unknown}
 B - a potion of might {unknown}
 J - a potion of heal wounds {unknown}
 N - 2 potions of haste {unknown}
 O - a potion of ambrosia {unknown}
 Q - a potion of curing {unknown}
Comestibles
 c - 5 rations


   Skills:
 * Level 6.5(6.0) Fighting
 + Level 8.4(7.8) Axes
 + Level 3.7(3.2) Armour
 + Level 3.3(2.8) Dodging


You had 6 spell levels left.
You didn't know any spells.
Your spell library contained the following spells:

 Spells                   Type           Power        Failure   Level  Hunger
 Flame Tongue             Conj/Fire      #....        54%         1    ##.....
 Throw Flame              Conj/Fire      #.....       69%         2    ###....
 Conjure Flame            Conj/Fire      #.......     89%         3    ####...
 Inner Flame              Hex/Fire       #.......     89%         3    ####...
 Sticky Flame             Conj/Fire      #.......     100%        4    #####..
 Fireball                 Conj/Fire      #.........   100%        5    ######.


Dungeon Overview and Level Annotations

Branches:
Dungeon (6/15)
 Temple: D:4-7

Altars:
Fedhas
Kikubaaqudgha
Sif Muna

Shops:
D:5 !


Innate Abilities, Weirdness & Mutations

You reflexively headbutt those who attack you in melee.
You have a pair of horns on your head.


Message History

You are exhausted.
You feel yourself slow down.
You feel sick.
You feel sick.
You feel sick.
You feel sick.
You feel sick.
The wight hits you with a hand axe of venom.
* * * LOW HITPOINT WARNING * * *
You are more poisoned.
You hit the wight. You headbutt the wight.
You destroy the wight!
Trog accepts your kill.
You feel the effects of Trog's Hand fading.
You feel sick.
The wight hits you with a mace of freezing!
* * * LOW HITPOINT WARNING * * *
You feel drained.
* * * LOW HITPOINT WARNING * * *
The wight freezes you.
You die...

#.##.<# ..# ##.#..# #...#
#.#### #...# ##.# ##..# #.##
#...####
##.######......#####
#.#...............###
##.....<.............## #.
##..#.......@..........# #..
##.###.......z.......)..##.#
#.##
#.........z.......##.####
#.##
#..........z........###..
#.#
##..................##...
#.# #...............#...#...
## #.......................
#.......................
##.........###...###....


You could see 3 wights.

Vanquished Creatures
  A sky beast (D:5)
  An ice beast (D:5)
  A centaur (D:5)
  2 wights (D:6)
  A howler monkey (D:5)
  4 crimson imps
  A bullfrog skeleton (D:5)
  A centaur skeleton (D:5)
  2 orc wizards (D:5)
  Ijyb (D:3)
  A worker ant (D:5)
  A worker ant zombie (D:6)
  4 gnolls (D:5)
  2 adders
  An ooze (D:3)
  An adder zombie (D:6)
  A leopard gecko (D:5)
  6 orcs
  A ball python (D:3)
  3 bats
  9 goblins
  8 hobgoblins
  3 jackals (D:3)
  A quokka (D:5)
  5 kobolds
  6 rats
  2 bushes (D:5)
  A fungus (D:1)
71 creatures vanquished.

Notes
Turn   | Place    | Note
-------+----------+-------------------------------------------
     0 | D:1      | brandon the Minotaur Berserker began the quest for the Orb.
     0 | D:1      | Reached XP level 1. HP: 19/19 MP: 0/0
   412 | D:1      | Reached skill level 4 in Axes
   412 | D:1      | Reached XP level 2. HP: 26/27 MP: 1/1
   970 | D:2      | Found a faded altar of an unknown god.
  1045 | D:2      | Reached ** piety under Trog
  1203 | D:3      | Reached XP level 3. HP: 30/33 MP: 2/2
  1323 | D:3      | Noticed Ijyb
  1327 | D:3      | Paralysed by Ijyb for 4 turns
  1334 | D:3      | Paralysed by Ijyb for 4 turns
  1342 | D:3      | Paralysed by Ijyb for 7 turns
  1354 | D:3      | Killed Ijyb
  1354 | D:3      | Reached skill level 5 in Axes
  1354 | D:3      | Reached XP level 4. HP: 41/41 MP: 3/3
  1592 | D:3      | Found a deep blue altar of Sif Muna.
  1669 | D:5      | Entered Level 5 of the Dungeon
  1723 | D:5      | Noticed a sky beast
  1730 | D:5      | Killed a sky beast
  1730 | D:5      | Reached skill level 5 in Fighting
  1730 | D:5      | Reached skill level 6 in Axes
  1730 | D:5      | Reached XP level 5. HP: 32/48 MP: 4/4
  1759 | D:5      | Reached XP level 6. HP: 39/56 MP: 5/5
  1784 | D:5      | Found an ancient bone altar of Kikubaaqudgha.
  1804 | D:5      | Reached skill level 7 in Axes
  1834 | D:5      | Noticed an ice beast
  1838 | D:5      | Killed an ice beast
  1853 | D:5      | Found a blossoming altar of Fedhas.
  2027 | D:5      | Found Rikamej's Distillery.
  2038 | D:5      | Reached XP level 7. HP: 60/62 MP: 6/6
  2233 | D:5      | Reached skill level 8 in Axes
  2428 | D:5      | Reached *** piety under Trog
  2777 | D:6      | HP: 1/64 [wight/mace of freezing (3)]
  2777 | D:6      | Slain by a wight

Skill      XL: |  1  2  3  4  5  6  7 |
---------------+----------------------+-----
Axes           | 4 5 6 7 8 |  8.4
Fighting       | 4 5 6 |  6.5
Armour         | 3 |  3.7
Dodging        | 3 |  3.3

Action                   |  1- 3 |  4- 6 |  7- 9 || total
-------------------------+-------+-------+-------++-------
Melee: Hand axe          |    30 |       |       ||    30
       Headbutt          |    11 |    28 |    11 ||    50
       War axe           |    50 |   109 |       ||   159
       Battleaxe         |       |     3 |    38 ||    41
Invok: Berserk           |     2 |       |     1 ||     3
       Trog's Hand       |       |       |     1 ||     1
  Eat: Ration            |     1 |     1 |     1 ||     3
Armor: Chain mail        |    37 |       |       ||    37
       Animal skin       |     2 |       |       ||     2
       Leather armour    |       |    30 |    14 ||    44
Dodge: Dodged            |    41 |    29 |    22 ||    92
